 Dungeon Crawl Stone Soup version 0.30-a0-1124-g6e8f0f562f (webtiles) character file.

Game seed: 5980188771178282975

2946 Zonian the Insei (level 9, -5/49 HPs)
             Began as a Vine Stalker Hunter on Apr 23, 2023.
             Was a Follower of Ashenzari.
             Slain by a two-headed ogre
             ... wielding a +0 giant club
              (13 damage)
             ... on level 8 of the Dungeon.
             The game lasted 00:17:29 (7406 turns).

Zonian the Insei (Vine Stalker Hunter)              Turns: 7406, Time: 00:17:38

Health: -5/49      AC:  5    Str: 17    XL:     9   Next: 80%
Magic:  0/10       EV: 15    Int:  9    God:    Ashenzari [*.....]
Gold:   65         SH:  0    Dex: 19    Spells: 8/8 levels left

rFire   . .          .
                       - Unarmed
rCold   . . .        (no shield)
rNeg    . . .        o - +1 troll leather armour {Pargi}
rPois   .            (no helmet)
rElec   .            (no cloak)
rCorr   .            (no gloves)
SInv    +            (no boots)
Will    +....        s - amulet "Tethered Discomfort" {Regen+, Melee, Alch} (curse)
Stlth   +++          f - ring "I Foresaw This" {SInv, Comp, Bglg} (curse)
HPRegen 2.68/turn    (no ring)
MPRegen 0.12/turn

%: guardian spirit
@: no status effects
A: fangs 3, regeneration 1, magic shield, antimagic bite, no potion heal 2
a: Renounce Religion, Shatter the Chains


You were on level 8 of the Dungeon.
You worshipped Ashenzari.
Ashenzari was aware of your devotion.
You visited 2 branches of the dungeon, and saw 9 of its levels.

You collected 317 gold pieces.
You spent 252 gold pieces at shops.

Inventory:

Hand Weapons
 a - a +0 shortbow
 e - a +3 short sword of speed
 p - a +0 dagger of protection
 B - the +5 mace "Dylysm" {flame, Will+}
   (You found it on level 8 of the Dungeon)

   Will:      It increases your willpower.
 D - a +0 rapier
Missiles
 q - 2 boomerangs
 r - 7 poisoned darts (quivered)
 E - a throwing net
Armour
 c - a +0 leather armour
 n - a +0 ring mail
 o - a +1 troll leather armour (worn) {Pargi}
 t - a +0 scale mail
Jewellery
 f - the cursed ring "I Foresaw This" (left hand) {SInv, Comp, Bglg}
   (You found it on level 1 of the Dungeon)

   [ring of see invisible]

   SInv:      It lets you see invisible.
   It has a curse which improves the following skills: Companions: Summonings
   and Necromancy.
   Beguiling: Conjurations, Hexes and Translocations.
 s - the cursed amulet "Tethered Discomfort" (around neck) {Regen+, Melee, Alch}
   (You found it on level 3 of the Dungeon)

   [amulet of regeneration]

   Regen:     It increases your rate of health regeneration.
   It has a curse which improves the following skills: Melee Combat: Short
   Blades, Long Blades, Axes, Maces & Flails, Polearms, Staves and Unarmed
   Combat.
   Alchemy:   Poison Magic and Transmutations.
 u - a ring of fire
 v - an amulet of faith
 y - a ring of resist corrosion
Wands
 x - a wand of flame (12)
Scrolls
 b - 4 scrolls of immolation
 h - a scroll of torment
 k - 2 scrolls of teleportation
 l - 3 scrolls of blinking
 A - a scroll of poison
 C - 2 scrolls of fog
Potions
 d - 2 potions of mutation
 g - 3 potions of flight
 i - 3 potions of heal wounds
 j - 2 potions of attraction
 m - 2 potions of brilliance
 w - 6 potions of haste
 z - 3 potions of curing


   Skills:
 + Level 6.9 Fighting
 - Level 3.9 Ranged Weapons
 + Level 6.3 Dodging
 - Level 5.1 Stealth
 + Level 7.0(7.8) Unarmed Combat


You had 8 spell levels left.
You didn't know any spells.
Your spell library contained the following spells:

 Spells                   Type           Power      Damage    Failure   Level
 Scorch                   Fire           0%         2d5       58%         2
 Tukima's Dance           Hex            0%         N/A       83%         3
 Flame Wave               Conj/Fire      0%         2d4       99%         4
 Manifold Assault         Tloc           0%         N/A       99%         4
 Passage of Golubria      Tloc           0%         N/A       99%         4
 Yara's Violent Unravell  Hex/Tmut       0%         3d3       100%        5
 Dispersal                Tloc           0%         N/A       100%        6
 Summon Cactus Giant      Summ           0%         N/A       100%        6
 Disjunction              Tloc           0%         N/A       100%        8


Dungeon Overview and Level Annotations

Branches:
Dungeon (8/15)             Temple (1/1) D:5
   Lair: D:8-11

Altars:
Ashenzari
Cheibriados
Dithmenos
Elyvilon
Fedhas
Gozag
Hepliaklqana
Makhleb
Nemelex Xobeh
Okawaru
Qazlal
Ru
Sif Muna
Trog
Uskayaw
Vehumet
Wu Jian
Xom
Yredelemnul
Zin
The Shining One

Shops:
D:4 =   D:5 !   D:7 ?   D:8 *


Innate Abilities, Weirdness & Mutations

You have razor-sharp teeth.
Your natural rate of healing is unusually fast.
When hurt, damage is shared between your health and your magic reserves.
Your bite disrupts and absorbs the magic of your enemies.
Potions cannot restore your health.


Message History

You throw a poisoned dart.
The poisoned dart hits the two-headed ogre.
The two-headed ogre is poisoned.
No target in view!
Unknown command.
You throw a poisoned dart.
The poisoned dart hits the two-headed ogre.
The two-headed ogre looks even sicker.
The two-headed ogre is lightly wounded.
You throw a poisoned dart.
The poisoned dart hits the two-headed ogre.
The two-headed ogre is lightly wounded.
You throw a poisoned dart.
The poisoned dart hits the two-headed ogre.
The two-headed ogre looks even sicker.
The two-headed ogre is lightly wounded.
You punch the two-headed ogre! You punch the two-headed ogre.
Your bite misses the two-headed ogre.
The two-headed ogre is moderately wounded.
You barely miss the two-headed ogre. Your punch misses the two-headed ogre.
You bite the two-headed ogre, but do no damage.
The two-headed ogre is moderately wounded.
The two-headed ogre hits you with a +0 giant club! x2
Unknown command.
You closely miss the two-headed ogre.
You bite the two-headed ogre, but do no damage.
The two-headed ogre is moderately wounded.
Unknown command.
You hit the two-headed ogre. You bite the two-headed ogre. You drain its power.
You feel invigorated.
The two-headed ogre is heavily wounded.
The two-headed ogre hits you with a +0 giant club!!
The two-headed ogre barely misses you.
You hit the two-headed ogre but do no damage.
You bite the two-headed ogre. You drain its power.
You feel invigorated.
The two-headed ogre is severely wounded.
The two-headed ogre hits you with a +0 giant club!
* * * LOW HITPOINT WARNING * * *
The two-headed ogre hits you with a +0 giant club!
You die...

#......#
################.# #
#####.##
#..........O.D...# #
# #.#
#.##..(######...####
# #.# ###..<###
....#.. #####.#
#.(.....# .....T.
......# #(#.###.#
P.....♣ #######
#(#.....# P...#P#
#O####### ...## #
#@....... .##. #
#########


You could see a two-headed ogre (very poisoned).

Vanquished Creatures
  2 trolls
  Grinder (D:3)
  5 yaks (D:8)
  A steam dragon (D:6)
  Pargi (D:3)
  2 ice beasts (D:7)
  2 sky beasts
  An ogre (D:7)
  2 phantoms (D:6)
  A kobold brigand (D:7)
  3 scorpions
  4 hounds
  An orc priest (D:6)
  5 orc wizards
  8 adders
  3 shadow imps
  2 white imps (D:5)
  4 dart slugs (D:1)
  22 orcs
  13 ball pythons
  11 endoplasms
  5 giant cockroaches
  2 goblins
  11 hobgoblins
  5 quokkas
  2 bats
  2 frilled lizards
  13 kobolds
  7 rats
141 creatures vanquished.

Vanquished Creatures (others)
  19 fungi (D:8)
  40 plants
59 creatures vanquished.

Grand Total: 200 creatures vanquished

Notes
Turn   | Place    | Note
-------+----------+-------------------------------------------
     0 | D:1      | Zonian the Vine Stalker Hunter began the quest for the Orb.
     0 | D:1      | Reached XP level 1. HP: 11/11 MP: 2/2
   463 | D:1      | Reached XP level 2. HP: 15/15 MP: 3/3
   695 | D:1      | Reached XP level 3. HP: 18/18 MP: 4/4
  1148 | D:2      | Gained mutation: Your natural rate of healing is unusually
                  | fast. [Vine Stalker growth]
  1148 | D:2      | Reached XP level 4. HP: 13/23 MP: 3/5
  1752 | D:2      | Reached skill level 1 in Unarmed Combat
  2013 | D:3      | Noticed Grinder
  2119 | D:3      | Noticed Pargi
  2140 | D:3      | Killed Pargi
  2141 | D:3      | Reached XP level 5. HP: 19/28 MP: 6/6
  2200 | D:3      | Reached skill level 2 in Unarmed Combat
  2200 | D:3      | Reached XP level 6. HP: 32/32 MP: 7/7
  2473 | D:3      | Killed Grinder
  2474 | D:3      | Reached XP level 7. HP: 29/36 MP: 5/8
  3389 | D:4      | Found Vitas's Jewellery Shoppe.
  3432 | D:4      | Reached skill level 3 in Unarmed Combat
  3623 | D:4      | Reached skill level 5 in Stealth
  3694 | D:5      | Entered Level 5 of the Dungeon
  3857 | D:5      | Found a burning altar of Makhleb.
  4002 | D:5      | Found a staircase to the Ecumenical Temple.
  4192 | Temple   | Entered the Ecumenical Temple
  4403 | Temple   | Became a worshipper of Ashenzari the Shackled
  4516 | D:5      | Found Mianog's Distillery.
  4523 | D:5      | Bought 2 potions of curing for 84 gold pieces
  4612 | D:6      | Found a glowing silver altar of Zin.
  4687 | D:6      | Found a basalt altar of Yredelemnul.
  4688 | D:6      | Found a hide-covered altar of Uskayaw.
  4717 | D:6      | Gained mutation: You have razor-sharp teeth. [Vine Stalker
                  | growth]
  4717 | D:6      | Reached XP level 8. HP: 42/42 MP: 7/9
  4727 | D:6      | Reached skill level 4 in Unarmed Combat
  5078 | D:6      | Reached skill level 5 in Fighting
  5344 | D:6      | Found a stormy altar of Qazlal.
  5535 | D:7      | Reached skill level 5 in Unarmed Combat
  5584 | D:7      | Found a glowing golden altar of the Shining One.
  5584 | D:7      | Noticed a troll
  5624 | D:7      | Reached skill level 5 in Dodging
  5703 | D:7      | Found Itwoi's Magic Scroll Shop.
  5731 | D:7      | Bought a scroll of blinking for 120 gold pieces
  5731 | D:7      | Bought a scroll of teleportation for 48 gold pieces
  5948 | D:7      | Reached XP level 9. HP: 48/48 MP: 10/10
  6041 | D:7      | Killed a troll
  6366 | D:8      | Noticed a two-headed ogre
  6367 | D:8      | Noticed a six-headed hydra
  6370 | D:8      | Noticed a troll
  6372 | D:8      | Noticed a troll
  6372 | D:8      | Found the +1 robe of Vines {NoPotionHeal Regen++++}
  6378 | D:8      | Found Hushiure's General Store.
  6526 | D:8      | Reached skill level 6 in Unarmed Combat
  6842 | D:8      | Killed a troll
  6966 | D:8      | Reached * piety under Ashenzari
  7031 | D:8      | Identified the +5 mace "Dylysm" {flame, Will+}
  7095 | D:8      | Reached skill level 7 in Unarmed Combat
  7406 | D:8      | Slain by a two-headed ogre

Illustrated notes

Levels and vault maps discovered:
D:1:      lightli_arrival_isolated_outpost, layout_basic
D:2:      kennysheep_big_flooded_room, layout_loops_corners, serial_forest,
          infiniplex_forest_end_1, infiniplex_forest_3_way,
          infiniplex_forest_lined_corner, infiniplex_forest_clump_diagonal,
          infiniplex_forest_end_1, infiniplex_forest_clump_double,
          infiniplex_forest_zigzag_2, infiniplex_forest_straight_1,
          infiniplex_forest_lined_corner, infiniplex_forest_end_1,
          minmay_bisected
D:3:      layout_basic, uniq_pargi, uniq_grinder
D:4:      layout_basic, serial_shops, nicolae_shop_tiny_statue_garden
D:5:      layout_cave_pools, mainiacjoe_overflow_alcove_2,
          minmay_temple_entry_glassed_door, serial_rivers,
          chequers_serial_rivers_large_a, chequers_serial_rivers_small_a,
          chequers_serial_rivers_micro_c, chequers_serial_rivers_micro_b,
          chequers_serial_rivers_marsh, serial_shops,
          nicolae_shop_advertising_works [nicolae_subvault_shop_adworks]
D:6:      layout_loops_ring, zin_academy, gammafunk_temple_overflow_forgotten
D:7:      layout_basic, lemuel_doored_altar, serial_shops,
          nicolae_shop_window_shopping
D:8:      layout_basic, grunt_lair_entry_orc_guard_hut, serial_glass,
          glass_columns_a, glass_columns_a, glass_columns_a, glass_columns_c,
          glass_columns_b, glass_columns_c, serial_shops,
          nicolae_shop_waterfront, hellmonk_guarded_unrand_vines
Temple:   regret_index_temple_generic_petals

Skill      XL: |  1  2  3  4  5  6  7  8  9 |
---------------+----------------------------+-----
Fighting       | 2 3 4 5 6 |  6.9
Stealth        | 2 3 4 5 |  5.1
Dodging        | 2 3 4 5 6 |  6.3
Unarmed Combat | 1 2 3 5 7 |  7.0
Ranged Weapons | |  3.9

Action                     |  1- 3 |  4- 6 |  7- 9 || total
---------------------------+-------+-------+-------++-------
  Melee: Short sword       |    51 |   209 |   342 ||   602
         Bite              |    12 |    92 |   116 ||   220
         Punch             |     1 |     5 |    15 ||    21
         Unarmed           |       |       |     5 ||     5
   Fire: Shortbow          |    34 |     5 |       ||    39
  Throw: Dart              |       |     2 |    33 ||    35
         Boomerang         |       |     2 |       ||     2
         Throwing net      |       |       |     1 ||     1
 Invoke: Curse Item        |       |       |     2 ||     2
    Use: Scroll            |       |     5 |    11 ||    16
   Stab: Sleeping          |     7 |     5 |    13 ||    25
 Armour: Leather armour    |    12 |    18 |       ||    30
         Troll leather arm |       |     1 |    56 ||    57
  Dodge: Dodged            |    31 |    47 |   171 ||   249

Table legend: (Time is in decaauts)
 A = Elapsed time spent in this place.
 B = Non-inter-level travel time spent in this place.
 C = Inter-level travel time spent in this place.
 D = Time resting spent in this place.
 E = Time spent auto-exploring this place.
 F = Levels seen in this place.
 G = Mean time per level.
                   A        B        C        D        E       F      G
               +--------+--------+--------+--------+--------+-----+--------+
         Total |   7232 |   6893 |    339 |   1421 |   3815 |   9 |  803.6 |
       Dungeon |   6995 |   6681 |    314 |   1421 |   3618 |   8 |  874.4 |
        Temple |    236 |    211 |     25 |      0 |    197 |   1 |  236.0 |
               +--------+--------+--------+--------+--------+-----+--------+

Top non-repeatable levels by time:
     D:7: 1303 daAuts
     D:2: 1065 daAuts
     D:3: 915 daAuts
     D:1: 894 daAuts
     D:6: 886 daAuts
     D:4: 726 daAuts
     D:5: 646 daAuts
     D:8: 558 daAuts
  Temple: 236 daAuts
